AoeStats
← wolololigma

Arena

506798264Analyzed
4v4 RM · 17d ago on Sep 15, 2026· 35m 55s· 8 players
Game mode
Random Map
Map size
Large (8 player)
Population
200
Speed
Normal
Resources
Standard
Victory
Conquest
Starting age
Dark Age
Ending age
Imperial Age
RankedLock teamsTeams togetherTeam positionsShared explorationLock speedFull tech treeHidden civsTurbo modeCheats
Victory
Defeat
🇩🇪 Muisca · Germany
1343
+7
🇺🇸 Italians · United States
1124
+15
🇺🇸 Khmer · United States
1119
+15
🇨🇴 Saracens · Colombia
1073
+17
🇺🇸 Slavs · United States
1152
-15
🇺🇸 Wei · United States
1096
-13
🇺🇸 Ethiopians · United States
1096
-13
🇧🇷 Bulgarians · Brazil
1094
-13
Supervising Supervisor
10:57 Feudal Age
14:12 Loom
14:14 Horse Collar
14:24 Double-Bit Axe
15:42 Man-at-Arms
18:45 Castle Age
19:49 Long Swordsman
21:16 Light Cavalry
24:02 Husbandry
24:31 Scale Barding Armor
26:27 Squires
27:59 Bloodlines
31:31 Wheelbarrow
33:42 Bow Saw
wolololigma
6:09 Loom
10:16 Feudal Age
10:54 Double-Bit Axe
12:57 Horse Collar
19:39 Castle Age
19:23 Wheelbarrow
20:42 Bow Saw
20:41 Heavy Plow
22:35 Gold Mining
22:38 Stone Mining
24:01 Elite Skirmisher
30:54 Squires
30:40 Arson
31:10 Forging
31:01 Scale Mail Armor
35:59 Imperial Age
33:46 Hand Cart
Shibani
11:01 Feudal Age
14:40 Castle Age
12:34 Double-Bit Axe
13:18 Horse Collar
15:31 Bow Saw
15:43 Heavy Plow
24:53 Town Watch
25:50 Wheelbarrow
27:11 Hand Cart
32:15 Imperial Age
29:31 Loom
30:28 Gambesons
30:45 Padded Archer Armor
30:47 Scale Mail Armor
30:57 Forging
31:31 Squires
31:55 Chain Mail Armor
32:16 Iron Casting
33:34 Plate Mail Armor
矮脚虎王英
11:36 Feudal Age
15:19 Castle Age
13:26 Double-Bit Axe
13:33 Horse Collar
17:38 Bow Saw
25:16 Scale Barding Armor
25:21 Forging
27:22 Bloodlines
28:34 Loom
29:04 Thumb Ring
28:55 Fletching
30:20 Bodkin Arrow
30:50 Stone Mining
32:35 Ballistics
35:15 Imperial Age
33:21 Wheelbarrow
32:55 Gold Mining
33:20 Padded Archer Armor
36:25 Parthian Tactics
36:03 Bracer
shaggy
10:59 Feudal Age
15:02 Castle Age
13:07 Horse Collar
16:06 Double-Bit Axe
16:25 Heavy Plow
16:59 Bow Saw
20:25 Loom
21:21 Wheelbarrow
27:38 Imperial Age
25:32 Hand Cart
25:45 Scale Barding Armor
26:53 Chain Barding Armor
28:01 Forging
28:15 Gold Mining
28:16 Stone Mining
28:48 Bloodlines
28:44 Husbandry
30:17 Conscription
30:01 Tusk Swords
30:38 Plate Barding Armor
32:02 Gold Shaft Mining
31:06 Elite Battle Elephant
33:12 Iron Casting
32:48 Devotion
Pseudo
10:26 Feudal Age
14:00 Castle Age
11:59 Double-Bit Axe
13:04 Gold Mining
12:58 Horse Collar
14:58 Bow Saw
14:49 Loom
20:12 Gold Mining
21:54 Fletching
24:23 Bodkin Arrow
27:32 Imperial Age
27:15 Heavy Plow
28:17 Wheelbarrow
28:57 Bodkin Arrow
29:25 Ballistics
30:16 Redemption
31:40 Conscription
30:43 Crossbowman
33:23 Thumb Ring
33:41 Padded Archer Armor
36:37 Chemistry
35:59 Leather Archer Armor
VenenoMcc
11:50 Feudal Age
13:21 Wheelbarrow
14:18 Loom
17:04 Castle Age
15:33 Double-Bit Axe
15:46 Horse Collar
19:32 Bow Saw
26:28 Scale Barding Armor
28:38 Gold Mining
28:40 Stone Mining
29:08 Husbandry
30:39 Town Watch
32:37 Gold Shaft Mining
36:12 Imperial Age
34:02 Hand Cart
35:01 Chain Barding Armor
[VYRE] fango
9:39 Feudal Age
9:18 Loom
13:22 Castle Age
11:28 Double-Bit Axe
12:01 Gold Mining
18:13 Sanctity
18:05 Fervor
20:47 Redemption
21:37 Town Watch
26:31 Imperial Age
27:34 Block Printing
27:47 Illumination
28:42 Theocracy
32:39 Capped Ram
33:56 Bow Saw
Connection lost

Rejoining the realm…

Still unreachable

The connection could not be restored.

Session expired

The server has moved on; the page needs a fresh start.